 Dungeon Crawl Stone Soup version 0.30-a0-691-g754fce4c43 (webtiles) character file.

Game seed: 3064240572504664152

259 kae the Changer (level 5, -6/38 HPs)
             Began as a Demonspawn Transmuter on Jan 19, 2023.
             Killed by divine providence
             ... invoked by an orc priest
              (12 damage)
             ... on level 3 of the Dungeon.
             The game lasted 00:02:23 (1986 turns).

kae the Changer (Demonspawn Transmuter)             Turns: 1986, Time: 00:02:24

Health: -6/38      AC:  2    Str: 10    XL:     5   Next: 94%
Magic:  3/9        EV: 19    Int: 16    God:
Gold:   219        SH:  0    Dex: 19    Spells: 0/10 levels left

rFire   . . .      SeeInvis .      - Unarmed
rCold   . . .      Faith    .    (shield currently unavailable)
rNeg    . . .      Spirit   .    (body armour currently unavailable)
rPois   x          Reflect  .    (helmet currently unavailable)
rElec   .          Harm     .    (cloak currently unavailable)
rCorr   .          Rampage  .    (gloves currently unavailable)
Will    .....                    (boots currently unavailable)
Stlth   ++                       (no amulet)
HPRegen 0.26/turn                (no ring)
MPRegen 0.11/turn                (no ring)

@: spider-form (expiring)
A: venomous fangs, tiny, rugged brown scales 1, foul stench 2
a: End Transformation


You were on level 3 of the Dungeon.
You were a venomous arachnid creature.
You visited 1 branch of the dungeon, and saw 3 of its levels.

You collected 219 gold pieces.


Innate Abilities, Weirdness & Mutations

You are a venomous arachnid creature.
You have venomous fangs.
You are tiny and dextrous.
Your spellcasting is less reliable in this form.
Your armour is entirely melded.
You are incapable of wielding weapons or throwing items.
(You are partially covered in rugged brown scales. (AC +1, +3% HP))
You sometimes emit foul miasma when damaged in melee.


   Skills:
 - Level 1.0 Fighting
 - Level 1.7 Dodging
 + Level 3.7 Unarmed Combat
 + Level 3.2 Spellcasting
 * Level 4.0 Transmutations
 * Level 0.8 Ice Magic
 - Level 1.0 Poison Magic


You couldn't memorise any spells.
You knew the following spells:

 Your Spells              Type           Power      Damage    Failure   Level
a - Beastly Appendage     Tmut           30%        N/A       12%         1
b - Wereblood             Tmut           15%        N/A       16%         2
c - Spider Form           Tmut/Pois      10%        N/A       41%         3
d - Ice Form              Ice/Tmut       10%        N/A       77%         4

Your spell library contained the following spells:

 Spells                   Type           Power      Damage    Failure   Level
 Passwall                 Tmut/Erth      7%         N/A       28%         2
 Sandblast                Erth           4%         2d4       38%         1
 Ensorcelled Hibernation  Hex/Ice        6%         N/A       45%         2
 Blink                    Tloc           4%         N/A       50%         2
 Stone Arrow              Conj/Erth      4%         3d7       71%         3
 Swiftness                Air            2%         N/A       71%         3
 Manifold Assault         Tloc           2%         N/A       96%         4
 Storm Form               Tmut/Air       4%         N/A       100%        7

Inventory:

Missiles
 e - 44 stones
 j - 6 atropa-tipped darts
Armour
 a - a +0 robe (melded)
Wands
 m - a wand of iceblast (6)
   (You found it on level 2 of the Dungeon)
Scrolls
 f - 2 scrolls of poison {unknown}
 l - a scroll of enchant armour {unknown}
 n - a scroll of enchant weapon {unknown}
 o - a scroll of fear {unknown}
 q - 2 scrolls of identify {unknown}
Potions
 b - a potion of lignification {!q}
 c - a potion of mutation {unknown}
 d - a potion of berserk rage {unknown}
 g - 2 potions of curing {unknown}
 h - a potion of attraction {unknown}
 i - a potion of haste {unknown}
 k - a potion of flight {unknown}

Dungeon Overview and Level Annotations

Branches:
Dungeon (3/15) Zot: 16024

Altars:

#.#.#.#### ###
###.#.#..... ...
........... #..
..#.#....# # #.#
#.#.#.##.# # #.#.#
###.#......# #..#.#.#
#....##....#
#.....o#####....#####..
......#s)..##....#
####. ##..o
#)##.##....# #.... #..
#)##.##....# #.##. #.
#.##.##....# #.... #
#.##.##....# #..##
#.##.......# #..##
#.#######.## #..## ..
#.# #.####..## #.#.#.#
#####.#.....##


You could see an orc priest (extremely poisoned).


Message History

Your transformation has ended.
Your +0 robe unmelds from your body.
Something hits you but does no damage.
You hit something.
Your primal bloodlust is almost over.
Something hits you.
* * * LOW HITPOINT WARNING * * *
😨 HP[-2]
You take 2 damage, and now have 10/38 hp.
You closely miss something. Something hits you but does no damage.
You barely miss something. Something hits you.
* * * LOW HITPOINT WARNING * * *
You emit a cloud of foul miasma! 😱 HP[-1]
You take 1 damage, and now have 9/38 hp.
Unknown command.
You barely miss something.
The orc priest calls down the wrath of Beogh upon you.
Beogh smites you!
* * * LOW HITPOINT WARNING * * *
You feel a bit better.
Reactivating autopickup.
You feel a bit more experienced.
Your Transmutations skill increases to level 4! 😱 HP[-4]
You take 4 damage, and now have 5/38 hp.
You feel much better. 😕 HP[+27]
You regained 27 hp, and now have 32/38 hp.
Casting: Spider Form (quite dangerous; 21% risk of failure)
Confirm with . or Enter, or press ? or * to list all spells.
The spell is quite dangerous to miscast (21% risk of failure)!
Continue anyway? [Y]es or [N]o only, please.
The spell is quite dangerous to miscast (21% risk of failure)!
Continue anyway?
You turn into a venomous arachnid creature.
Your +0 robe melds into your body. 😕 MP[-3]
You lost 3 mp, and now have 1/9 mp.
The ball python closely misses you. The ball python misses you.
The jackal bites you but does no damage.
The orc priest hits you from afar with a +0 trident.
Things that are here:
a +0 dagger; a +0 robe; a jackal corpse You barely miss the jackal.
Your primal bloodlust has ended.
The ball python misses you. x2; The jackal closely misses you.
The orc priest hits you from afar with a +0 trident.
The ball python bites you.
You emit a cloud of foul miasma!
The ball python barely misses you. The jackal closely misses you.
You are too injured to fight recklessly! 😮 HP[-7]
You take 7 damage, and now have 25/38 hp.
You bite the ball python!
You kill the ball python!
The jackal misses you.
The orc priest mumbles some strange prayers to Beogh against you.
Beogh smites you!
* * * LOW HITPOINT WARNING * * *
😨 HP[-12] MP[+1]
You take 12 damage, and now have 13/38 hp.
MASSIVE DAMAGE!! (PAUSE)
You closely miss the jackal. The jackal completely misses you.
The orc priest closely misses you.
Unknown command.
You closely miss the jackal. The jackal bites you.
* * * LOW HITPOINT WARNING * * *
You completely miss the jackal. The jackal completely misses you.
The orc priest completely misses you. The jackal bites you.
* * * LOW HITPOINT WARNING * * *
😨 HP[-1]
You take 1 damage, and now have 12/38 hp.
Unknown command.
You barely miss the jackal. The orc priest closely misses you.
The jackal completely misses you.
Unknown command.
You hit the jackal. The orc priest misses you. The jackal misses you.
You hit the jackal.
You kill the jackal!
Your transformation is almost over.
The orc priest completely misses you. 😨 HP[+1]
The orc priest hits you with a +0 trident.
* * * LOW HITPOINT WARNING * * *
You see here a jackal corpse. 😱 HP[-4]
You take 4 damage, and now have 9/38 hp.
Unknown command.
You hit the orc priest.
The orc priest hits you with a +0 trident.
* * * LOW HITPOINT WARNING * * *
😱 HP[-4]
You take 4 damage, and now have 5/38 hp.
You hit the orc priest but do no damage.
The orc priest is poisoned.
The orc priest completely misses you. 😱 MP[+1] Unknown command.
You hit the orc priest but do no damage.
The orc priest looks as sick as possible!
The orc priest mumbles some strange prayers to Beogh against you.
Beogh smites you!
You die...

Skill      XL: |  1  2  3  4  5 |
---------------+----------------+-----
Transmutations | 2 3 4 |  4.0
Unarmed Combat | 3 |  3.7
Spellcasting   | 3 |  3.2
Poison Magic   | 1 |  1.0
Fighting       | |  1.0
Dodging        | |  1.7
Ice Magic      | |  0.8

Action                   |  1- 3 |  4- 6 || total
-------------------------+-------+-------++-------
Melee: Unarmed           |   109 |    80 ||   189
       Kick              |    18 |     8 ||    26
       Headbutt          |    12 |     3 ||    15
 Cast: Beastly Appendage |    13 |     8 ||    21
       Wereblood         |     1 |     2 ||     3
       Spider Form       |       |     7 ||     7
  Use: Scroll            |     1 |       ||     1
       Potion            |     2 |     1 ||     3
 Stab: Sleeping          |       |     1 ||     1
Armor: Robe              |    22 |     4 ||    26
       Skin              |     5 |     3 ||     8
Dodge: Dodged            |    94 |    55 ||   149

Levels and vault maps discovered:
D:1:      lightli_arrival_lavapool, layout_basic, serial_glass, glass_columns_a,
          glass_columns_c, ebering_ecumenical_altar_box, minmay_tromino_v4_c
D:2:      layout_basic
D:3:      layout_basic, nicolae_qazlal_scattered_showers, nicolae_grassy_gnolls

Notes
Turn   | Place    | Note
-------+----------+-------------------------------------------
     0 | D:1      | kae the Demonspawn Transmuter began the quest for the Orb.
     0 | D:1      | Reached XP level 1. HP: 15/15 MP: 3/3
     0 | D:1      | magus.rc [v1.11.3]
   134 | D:1      | Reached skill level 2 in Transmutations
   164 | D:1      | Gained mutation: You may rarely emit foul miasma when
                  | damaged in melee. [demonic ancestry]
   164 | D:1      | Reached XP level 2. HP: 21/21 MP: 3/5
   614 | D:1      | Found a faded altar of an unknown god.
   629 | D:1      | Reached skill level 3 in Unarmed Combat
  1026 | D:2      | Reached XP level 3. HP: 26/26 MP: 4/6
  1029 | D:2      | Learned a level 2 spell: Wereblood
  1033 | D:2      | Learned a level 3 spell: Spider Form
  1041 | D:2      | You pick up a book of Burglary and begin reading...
  1041 | D:2      | You add the spells Passwall, Ensorcelled Hibernation and
                  | Swiftness to your library.
  1070 | D:2      | Noticed a scorpion
  1096 | D:2      | HP: 5/26 [scorpion (6)]
  1102 | D:2      | Killed a scorpion
  1103 | D:2      | Reached skill level 3 in Transmutations
  1103 | D:2      | Gained mutation: You sometimes emit foul miasma when
                  | damaged in melee. [demonic ancestry]
  1103 | D:2      | Reached XP level 4. HP: 32/32 MP: 2/8
  1620 | D:3      | Noticed a scorpion
  1628 | D:3      | Killed a scorpion
  1629 | D:3      | Reached skill level 3 in Spellcasting
  1629 | D:3      | Gained mutation: You are partially covered in rugged brown
                  | scales. (AC +1, +3% HP) [demonic ancestry]
  1629 | D:3      | Reached XP level 5. HP: 22/38 MP: 5/9
  1693 | D:3      | You pick up a book of Geomancy and begin reading...
  1693 | D:3      | You add the spells Sandblast and Stone Arrow to your
                  | library.
  1731 | D:3      | Reached skill level 1 in Poison Magic
  1737 | D:3      | Learned a level 4 spell: Ice Form
  1889 | D:3      | You add the spells Blink, Manifold Assault and Storm Form
                  | to your library.
  1970 | D:3      | HP: 9/38 [something (2)]
  1971 | D:3      | HP: 2/38 [orc priest/divine providence (7)]
  1972 | D:3      | Reached skill level 4 in Transmutations
  1983 | D:3      | HP: 9/38 [orc priest/+0 trident (4)]
  1986 | D:3      | Killed from afar by an orc priest

Vanquished Creatures
  2 scorpions
  An orc wizard (D:3)
  An adder (D:2)
  4 gnolls (D:3)
  A worm (D:3)
  A dart slug (D:3)
  3 orcs (D:3)
  5 ball pythons
  3 endoplasms
  2 giant cockroaches (D:1)
  2 goblins (D:1)
  3 hobgoblins
  15 jackals
  3 kobolds
  2 quokkas (D:2)
  4 bats
  2 frilled lizards (D:2)
  2 rats
56 creatures vanquished.

Vanquished Creatures (others)
  13 plants (D:3)
13 creatures vanquished.

Grand Total: 69 creatures vanquished

Table legend:
 A = Non-vault XP
 B = Vault XP
 C = Vault XP percentage of total XP
 D = Non-vault monster count
 E = Vault monster count
 F = Vault count percentage of total count
                 A         B        C        D         E       F
            +---------+---------+-------+---------+---------+-------
      Total |     313 |      57 |  15.4 |      51 |       5 |   8.9
            +---------+---------+-------+---------+---------+-------
        D:1 |      37 |       2 |   5.1 |      20 |       1 |   4.8
        D:2 |     123 |       0 |   0.0 |      15 |       0 |   0.0
        D:3 |     153 |      55 |  26.4 |      16 |       4 |  20.0
            +---------+---------+-------+---------+---------+-------

Illustrated notes

Table legend:
 A = Kills in this place as a percentage of kills in entire the game.
 B = Kills by you in this place as a percentage of kills by you in the entire game.
 C = Kills by friends in this place as a percentage of kills by friends in the entire game.
 D = Other kills in this place as a percentage of other kills in the entire game.
 E = Experience gained in this place as a percentage of experience gained in the entire game.
 F = Experience gained in this place divided by the number of levels of this place that you have seen.
                   A       B       C       D       E      F
               +-------+-------+-------+-------+-------+----------------------
         Total | 100.0 | 100.0 |   N/A |   N/A | 100.0 | 123.3
       Dungeon | 100.0 | 100.0 |   N/A |   N/A | 100.0 | 123.3
               +-------+-------+-------+-------+-------+----------------------

Table legend: (Time is in decaauts)
 A = Elapsed time spent in this place.
 B = Non-inter-level travel time spent in this place.
 C = Inter-level travel time spent in this place.
 D = Time resting spent in this place.
 E = Time spent auto-exploring this place.
 F = Levels seen in this place.
 G = Mean time per level.
                   A        B        C        D        E       F      G
               +--------+--------+--------+--------+--------+-----+--------+
         Total |   1974 |   1900 |     74 |      7 |   1465 |   3 |  658.0 |
       Dungeon |   1974 |   1900 |     74 |      7 |   1465 |   3 |  658.0 |
               +--------+--------+--------+--------+--------+-----+--------+

Top non-repeatable levels by time:
     D:1: 910 daAuts
     D:2: 603 daAuts
     D:3: 461 daAuts
